 Dungeon Crawl Stone Soup version 0.25-a0-246-g58704a1ebd (console) character file.

Game seed: 699563840088242185, levelgen mode: deterministic

517 Kagalorn the Magician (level 7, -2/50 HPs)
             Began as a Gnoll Wizard on Dec 3, 2019.
             Slain by a wight
             ... wielding a +3 spear
              (6 damage)
             ... on level 7 of the Dungeon.
             The game lasted 00:09:11 (4332 turns).

Kagalorn the Magician (Gnoll Wizard)                Turns: 4332, Time: 00:09:11

Health: -2/50      AC:  3    Str: 10    XL:     7   Next: 20%
Magic:  5/18       EV: 14    Int: 22    God:
Gold:   300        SH:  4    Dex: 13    Spells: 12/21 levels left

rFire    . . .     SeeInvis .   b - +2 short sword (freeze)
rCold    . . .     Gourm    .   z - +0 buckler
rNeg     . . .     Faith    .   v - +0 robe
rPois    .         Spirit   .   B - +0 helmet
rElec    .         Reflect  .   (no cloak)
rCorr    .         Harm     .   (no gloves)
MR       .....                  (no boots)
Stlth    +++.......             (no amulet)
HPRegen  0.16/turn              (no ring)
MPRegen  0.16/turn              (no ring)

@: about to teleport, drained
A: distributed training, fangs 1, strong nose
a: no special abilities


You were on level 7 of the Dungeon.
You were not hungry.

You visited 1 branch of the dungeon, and saw 5 of its levels.

You collected 300 gold pieces.

Inventory:

Hand Weapons
 a - a +0 hunting sling of velocity
 b - a +2 short sword of freezing (weapon)
 A - a +0 war axe
Missiles
 c - 155 stones
 e - 38 sling bullets
 n - 26 bolts
 o - 9 poisoned darts (quivered)
 p - 18 javelins
 x - 41 arrows
Armour
 v - a +0 robe (worn)
 z - a +0 buckler (worn)
 B - a +0 helmet (worn)
Scrolls
 f - 5 scrolls of remove curse {unknown}
 i - 4 scrolls of immolation {unknown}
 j - 11 scrolls of identify {unknown}
 l - a scroll of fog {unknown}
 m - 2 scrolls of teleportation
 q - 2 scrolls of magic mapping {unknown}
 r - a scroll of blinking {unknown}
 t - a scroll of random uselessness {unknown}
 u - a scroll of fear {unknown}
Potions
 g - a potion of flight {unknown}
 h - a potion of brilliance {unknown}
 k - 2 potions of curing {unknown}
 s - 2 potions of resistance {unknown}
 w - 2 potions of haste {unknown}
 C - a potion of berserk rage {unknown}
Comestibles
 d - 6 rations


   Skills:
 + Level 2.3(1.7) Fighting
 + Level 2.3(1.7) Short Blades
 + Level 2.3(1.7) Long Blades
 + Level 2.3(1.7) Axes
 + Level 2.3(1.7) Maces & Flails
 + Level 2.3(1.7) Polearms
 + Level 2.3(1.7) Staves
 + Level 2.3(1.7) Slings
 + Level 2.3(1.7) Bows
 + Level 2.3(1.7) Crossbows
 + Level 2.3(1.7) Throwing
 + Level 2.3(1.7) Armour
 + Level 5.1(4.5) Dodging
 + Level 4.8(4.2) Stealth
 + Level 2.3(1.7) Shields
 + Level 2.3(1.7) Unarmed Combat
 + Level 7.5(6.8) Spellcasting
 + Level 2.8(2.3) Conjurations
 + Level 1.8(1.3) Hexes
 + Level 1.8(1.3) Charms
 + Level 2.8(2.3) Summonings
 + Level 1.8(1.3) Necromancy
 + Level 2.8(2.3) Translocations
 + Level 1.8(1.3) Transmutations
 + Level 1.8(1.3) Fire Magic
 + Level 1.8(1.3) Ice Magic
 + Level 1.8(1.3) Air Magic
 + Level 1.8(1.3) Earth Magic
 + Level 1.8(1.3) Poison Magic
 + Level 2.5(1.9) Invocations
 + Level 2.3(1.7) Evocations


You had 12 spell levels left.
You knew the following spells:

 Your Spells              Type           Power        Failure   Level  Hunger
a - Magic Dart            Conj           ###.         4%          1    None
c - Conjure Flame         Conj/Fire      ###.....     16%         3    None
e - Mephitic Cloud        Conj/Pois/Air  ##......     17%         3    None
g - Blink                 Tloc           N/A          6%          2    None

Your spell library contained the following spells:

 Spells                   Type           Power        Failure   Level  Hunger
 Call Imp                 Summ           ###.....     6%          2    None
 Slow                     Hex            ##......     10%         2    None


Dungeon Overview and Level Annotations

Branches:
Dungeon (4/15)
 Temple: D:4-7

Altars:
Cheibriados
Trog

Shops:
D:7 }


Innate Abilities, Weirdness & Mutations

Your experience applies equally to all skills.
You have very sharp teeth.
Your uncanny sense of smell can sniff out nearby items.


Message History

The worker ant closely misses you. The wight completely misses you.
The bullfrog croaks.
The bullfrog snags a nearby moth with its tongue.
You hit the bullfrog.
The bullfrog seems to slow down.
You freeze the bullfrog. Your bite misses the bullfrog.
The bullfrog is moderately wounded.
You block the bullfrog's attack.
The wight hits you with a +2 dire flail of freezing.
The wight freezes you.
The wight hits you with a +2 dire flail of freezing!
* * * LOW HITPOINT WARNING * * *
You feel drained.
* * * LOW HITPOINT WARNING * * *
The wight freezes you.
* * * LOW HITPOINT WARNING * * *
The bullfrog misses you. You block the wight's attack.
The bullfrog closely misses you. The wight barely misses you.
The wight hits you from afar with a +3 spear.
You die...

#..###'###....#.#...
#.....o.......#.#..(
#....W#########<#..F
#.....# ###...
#.....# #.....#
#.a.z.#


#zFzz.# #^F@..# #.....# #?....# ####### You could see a hungry ghost, 2
bullfrogs, a worker ant, 4 wights and an orc wizard.

Vanquished Creatures
  A phantom (D:4)
  A howler monkey (D:4)
  2 orc priests
  A hound (D:4)
  A jelly (D:7)
  An orc wizard (D:7)
  An iguana (D:4)
  3 worker ants (D:4)
  A howler monkey skeleton (D:4)
  6 adders
  2 worms (D:3)
  3 dart slugs
  A leopard gecko (D:4)
  7 orcs
  A ball python (D:1)
  4 giant cockroaches (D:3)
  7 goblins
  4 hobgoblins
  6 jackals
  6 quokkas
  9 bats
  6 frilled lizards
  4 kobolds
  4 rats (D:3)
82 creatures vanquished.

Notes
Turn   | Place    | Note
-------+----------+-------------------------------------------
     0 | D:1      | Kagalorn the Gnoll Wizard began the quest for the Orb.
     0 | D:1      | Reached XP level 1. HP: 13/13 MP: 8/8
   183 | D:1      | Reached XP level 2. HP: 13/19 MP: 8/10
   915 | D:2      | Reached XP level 3. HP: 25/25 MP: 4/11
   919 | D:2      | Learned a level 2 spell: Blink
   923 | D:2      | Learned a level 3 spell: Conjure Flame
   927 | D:2      | Learned a level 3 spell: Mephitic Cloud
  1437 | D:3      | Reached skill level 1 in Invocations
  1601 | D:3      | Reached skill level 1 in Fighting
  1601 | D:3      | Reached skill level 1 in Short Blades
  1601 | D:3      | Reached skill level 1 in Long Blades
  1601 | D:3      | Reached skill level 1 in Axes
  1601 | D:3      | Reached skill level 1 in Maces & Flails
  1601 | D:3      | Reached skill level 1 in Polearms
  1601 | D:3      | Reached skill level 1 in Staves
  1601 | D:3      | Reached skill level 1 in Slings
  1601 | D:3      | Reached skill level 1 in Bows
  1601 | D:3      | Reached skill level 1 in Crossbows
  1601 | D:3      | Reached skill level 1 in Throwing
  1601 | D:3      | Reached skill level 1 in Armour
  1601 | D:3      | Reached skill level 1 in Shields
  1601 | D:3      | Reached skill level 1 in Unarmed Combat
  1601 | D:3      | Reached skill level 1 in Evocations
  1601 | D:3      | Reached XP level 4. HP: 22/32 MP: 2/13
  1924 | D:3      | Found a bloodstained altar of Trog.
  2337 | D:3      | Reached skill level 1 in Hexes
  2337 | D:3      | Reached skill level 1 in Charms
  2337 | D:3      | Reached skill level 1 in Necromancy
  2337 | D:3      | Reached skill level 1 in Transmutations
  2337 | D:3      | Reached skill level 1 in Fire Magic
  2337 | D:3      | Reached skill level 1 in Ice Magic
  2337 | D:3      | Reached skill level 1 in Air Magic
  2337 | D:3      | Reached skill level 1 in Earth Magic
  2337 | D:3      | Reached skill level 1 in Poison Magic
  2694 | D:3      | Reached XP level 5. HP: 26/37 MP: 8/14
  3587 | D:4      | Reached XP level 6. HP: 44/44 MP: 0/16
  3738 | D:4      | Noticed a phantom
  3793 | D:4      | Killed a phantom
  3793 | D:4      | Reached skill level 5 in Dodging
  4067 | D:4      | You fall into a shaft and drop 3 floors!
  4086 | D:7      | Noticed a hungry ghost
  4099 | D:7      | Reached XP level 7. HP: 46/50 MP: 9/18
  4104 | D:7      | Found Xaibe's Gadget Shop.
  4284 | D:7      | Found a snail-covered altar of Cheibriados.
  4332 | D:7      | Slain by a wight

Levels and vault maps discovered:
D:1:      enne_arrival_octagon_isle, layout_basic, minmay_misc_feat_five
D:2:      layout_loops_ring, minmay_misc_feat_hallway
D:3:      minmay_chambers_of_twos, layout_basic, first_ration, bloody_trog
D:4:      layout_basic, minmay_quantized
D:7:      layout_basic, lemuel_doored_altar, serial_shops,
          kennysheep_little_box, basic_altar, enter_bailey_2

Skill      XL: |  1  2  3  4  5  6 |
---------------+-------------------+-----
Conjurations   | 2 |  2.8
Summonings     | 2 |  2.8
Translocations | 2 |  2.8
Invocations    | 1 2 |  2.5
Fighting       | 1 2 |  2.3
Short Blades   | 1 2 |  2.3
Long Blades    | 1 2 |  2.3
Axes           | 1 2 |  2.3
Maces & Flails | 1 2 |  2.3
Polearms       | 1 2 |  2.3
Staves         | 1 2 |  2.3
Slings         | 1 2 |  2.3
Bows           | 1 2 |  2.3
Crossbows      | 1 2 |  2.3
Throwing       | 1 2 |  2.3
Armour         | 1 2 |  2.3
Shields        | 1 2 |  2.3
Unarmed Combat | 1 2 |  2.3
Evocations     | 1 2 |  2.3
Hexes          | 1 |  1.8
Charms         | 1 |  1.8
Necromancy     | 1 |  1.8
Transmutations | 1 |  1.8
Fire Magic     | 1 |  1.8
Ice Magic      | 1 |  1.8
Air Magic      | 1 |  1.8
Earth Magic    | 1 |  1.8
Poison Magic   | 1 |  1.8
Dodging        | 5 |  5.1
Stealth        | |  4.8
Spellcasting   | |  7.5

Action                   |  1- 3 |  4- 6 |  7- 9 || total
-------------------------+-------+-------+-------++-------
Melee: Unarmed           |    16 |       |       ||    16
       Bite              |     1 |       |     2 ||     3
       Short sword       |       |     6 |    26 ||    32
 Fire: Hunting sling     |       |    39 |       ||    39
Throw: Dart              |       |     6 |       ||     6
 Cast: Magic Dart        |    68 |   157 |    28 ||   253
       Conjure Flame     |     1 |     5 |     2 ||     8
       Blink             |       |     1 |     3 ||     4
       Mephitic Cloud    |       |       |     1 ||     1
  Use: Scroll            |       |       |     2 ||     2
 Stab: Sleeping          |       |     1 |     2 ||     3
       Confused          |       |       |     1 ||     1
  Eat: Chunk             |     2 |     7 |       ||     9
       Ration            |       |       |     2 ||     2
Armor: Robe              |     4 |     1 |     3 ||     8
Dodge: Dodged            |    13 |    37 |    40 ||    90
Block: Buckler           |       |     6 |    12 ||    18

Table legend:
 A = Non-vault XP
 B = Vault XP
 C = Vault XP percentage of total XP
 D = Non-vault monster count
 E = Vault monster count
 F = Vault count percentage of total count
                 A         B        C        D         E       F
            +---------+---------+-------+---------+---------+-------
      Total |     507 |     232 |  31.4 |      70 |      12 |  14.6
            +---------+---------+-------+---------+---------+-------
        D:1 |      29 |       0 |   0.0 |      17 |       0 |   0.0
        D:2 |      28 |       0 |   0.0 |       9 |       0 |   0.0
        D:3 |     134 |      39 |  22.5 |      29 |       8 |  21.6
        D:4 |     185 |     193 |  51.1 |       7 |       4 |  36.4
        D:7 |     131 |       0 |   0.0 |       8 |       0 |   0.0
            +---------+---------+-------+---------+---------+-------
